 Dungeon Crawl Stone Soup version 0.30.0-5-g1a98f26d00 (webtiles) character file.

Game seed: 1557944587762848190

82430 qeuew the Bludgeoner (level 15, -2/93 HPs)
             Began as a Gargoyle Fighter on May 8, 2023.
             Was the Champion of Makhleb.
             Slain by a naga simulacrum (4 damage)
             ... in an ice cave.
             The game lasted 00:31:35 (15934 turns).

qeuew the Bludgeoner (Gargoyle Fighter)            Turns: 15934, Time: 00:31:36

Health: -2/93      AC: 28    Str: 33    XL:     15   Next: 73%
Magic:  34/34      EV: 10    Int:  8    God:    Makhleb [******]
Gold:   2476       SH:  7    Dex: 15    Spells: 14/14 levels left

rFire   . . .        l - +7 morningstar (elec)
rCold   + . .        r - +0 buckler of Satrol {Regen+ rCorr MP+9}
rNeg    + . .        g - +1 plate armour "Japuunyu" {rC+ rCorr Dex+3 SInv}
rPois   ∞            (no helmet)
rElec   +            (no cloak)
rCorr   +            (no gloves)
SInv    +            (no boots)
Will    +....        m - amulet of regeneration Stlth
                     h - +6 ring of strength
HPRegen 2.75/turn    j - +5 ring of evasion
MPRegen 0.24/turn

%: no passive effects
@: flying, constricted
A: sickness immunity, AC +11, big wings, negative energy resistance 1,
electricity resistance, torment resistance 1, petrification resistance,
regeneration 1, strong 1
a: Renounce Religion, Minor Destruction, Lesser Servant of Makhleb, Major
Destruction, Greater Servant of Makhleb


You were in an ice cave.
You worshipped Makhleb.
Makhleb was exalted by your worship.
You visited 5 branches of the dungeon, and saw 21 of its levels.
You also visited: Ice Cave.

You collected 2476 gold pieces.

Inventory:

Hand Weapons
 l - a +7 morningstar of electrocution (weapon)
 w - a +5 morningstar
Missiles
 o - 6 throwing nets
Armour
 g - the +1 plate armour "Japuunyu" (worn) {rC+ rCorr Dex+3 SInv}
   (You found it on level 11 of the Dungeon)

   Dex:       It affects your dexterity (+3).
   rC:        It protects you from cold.
   SInv:      It lets you see invisible.
   rCorr:     It protects you from acid and corrosion.
 r - the +0 buckler of Satrol (worn) {Regen+ rCorr MP+9}
   (You took it off a gnoll sergeant on level 6 of the Dungeon)

   MP:        It affects your magic capacity (+9).
   Regen:     It increases your rate of health regeneration.
   rCorr:     It protects you from acid and corrosion.
 y - a +0 pair of boots
Jewellery
 h - a +6 ring of strength (left hand)
 j - a +5 ring of evasion (right hand)
 m - an amulet of regeneration (around neck)
Wands
 a - a wand of acid (10)
 b - a wand of mindburst (26)
 c - a wand of flame (20)
 s - a wand of paralysis (12) (quivered)
 v - a wand of iceblast (39)
 x - a wand of digging (16)
Scrolls
 d - 5 scrolls of identify
 f - a scroll of magic mapping
 k - 3 scrolls of enchant armour
 p - 6 scrolls of fog
 t - 2 scrolls of teleportation
 u - a scroll of poison
Potions
 e - 6 potions of flight
 i - 2 potions of resistance
 n - 4 potions of haste
 q - 2 potions of curing
 z - a potion of heal wounds
 A - 3 potions of might


   Skills:
 + Level 10.9 Fighting
 * Level 15.7 Maces & Flails
 * Level 14.8 Armour
 + Level 11.0 Shields
 * Level 14.2 Invocations
 + Level 8.4 Evocations


You had 14 spell levels left.
You didn't know any spells.
Your spell library contained the following spells:

 Spells                   Type           Power      Damage    Failure   Level
 Poisonous Vapours        Pois/Air       0%         N/A       98%         2
 Wereblood                Tmut           0%         N/A       98%         2
 Dazzling Flash           Conj/Hex       0%         N/A       100%        3
 Ignite Poison            Fire/Tmut/Pois 0%         N/A       100%        3
 Mephitic Cloud           Conj/Pois/Air  0%         N/A       100%        3
 Stone Arrow              Conj/Erth      0%         3d7       100%        3
 Summon Guardian Golem    Hex/Summ       0%         N/A       100%        3
 Volatile Blastmotes      Fire/Tloc      0%         2d10      100%        3
 Animate Armour           Summ/Erth      0%         N/A       100%        4
 Iskenderun's Mystic Bla  Conj/Tloc      0%         2d3       100%        4
 Petrify                  Tmut/Erth      0%         N/A       100%        4
 Freezing Cloud           Conj/Ice/Air   0%         6-21      100%        5
 Metabolic Englaciation   Hex/Ice        0%         N/A       100%        5
 Starburst                Conj/Fire      0%         6d3       100%        6
 Orb of Destruction       Conj           0%         9d5       100%        7
 Spellforged Servitor     Conj/Summ      0%         N/A       100%        7
 Summon Hydra             Summ           0%         N/A       100%        7
 Lehudib's Crystal Spear  Conj/Erth      0%         10d2      100%        8
 Cigotuvi's Dreadful Rot  Necr/Pois/Air  Unusable   N/A       N/A         2
 Sublimation of Blood     Necr           Unusable   N/A       N/A         2
 Statue Form              Tmut/Erth      Unusable   N/A       N/A         6

Dungeon Overview and Level Annotations

Branches:
Dungeon (12/15)            Temple (1/1) D:4            Lair (5/5) D:11
  Swamp (0/4) Lair:2        Snake (1/4) Lair:2        Slime (0/5) Lair:5
    Orc (2/2) D:12            Elf (0/3) Orc:2         IceCv (1/1)

Altars:
Ashenzari
Cheibriados
Dithmenos
Elyvilon
Fedhas
Gozag
Hepliaklqana
Kikubaaqudgha
Makhleb
Nemelex Xobeh
Okawaru
Qazlal
Ru
Sif Muna
Trog
Uskayaw
Vehumet
Wu Jian
Xom
Yredelemnul
Zin
The Shining One
Jiyva

Shops:
D:4 !   D:10 (   Orc:2 *[[!

Annotations:
D:3 3 runed translucent doors, sheffield53's ghost, amateur MiBe
D:8 3 runed translucent doors, Exaltedone87's ghost, novice DsGl


Innate Abilities, Weirdness & Mutations

You are immune to sickness and miasma.
Your stone body is resilient. (AC +11)
You are immune to poison.
Your large and strong wings let you fly.
You resist negative energy. (rN+)
You are resistant to electric shocks. (rElec)
You are resistant to unholy torment.
You are immune to petrification.
Your natural rate of healing is unusually fast.
Your muscles are strong. (Str +4, Int/Dex -1)


Message History

The bolt of acid misses the reaper.
The bolt of acid hits the dire elephant simulacrum!!
The dire elephant simulacrum seems to be corroded for longer.
The dire elephant simulacrum vaporises!
Makhleb accepts your kill. You block the reaper's attack.
The naga simulacrum closely misses you. The naga simulacrum barely misses you.
The reaper says, "Everyone has to die sometime, and your time is now."
The reaper hits you with a +2 scythe of freezing!
* * * LOW HITPOINT WARNING * * *
The reaper freezes you.
* * * LOW HITPOINT WARNING * * *
The troll simulacrum bites you but does no damage.
The troll simulacrum claws you but does no damage. x2
You feel much better.
The reaper hits you with a +2 scythe of freezing!!
The reaper freezes you.
The naga simulacrum hits you but does no damage.
The naga simulacrum grabs you. The naga simulacrum constricts you.
The troll simulacrum closely misses you.
You block the troll simulacrum's attack.
The troll simulacrum claws you but does no damage.
You bludgeon the reaper!!
The reaper is moderately wounded.
The reaper hits you but does no damage. You block the naga simulacrum's attack.
The naga simulacrum constricts you.
You barely miss the reaper.
The reaper is moderately wounded.
The troll simulacrum barely misses you. x2
The troll simulacrum claws you but does no damage.
You impale the reaper!!
The reaper is severely wounded.
The reaper hits you with a +2 scythe of freezing!!
* * * LOW HITPOINT WARNING * * *
The reaper freezes you.
* * * LOW HITPOINT WARNING * * *
The naga simulacrum hits you!
* * * LOW HITPOINT WARNING * * *
The naga simulacrum freezes you. You resist.
You die...

#....###≈≈≈≈≈~~####...#
#######..##≈≈≈≈≈≈≈##..###
#..#
##.####≈≈≈≈≈≈≈##..###
#..#.#.#≈≈≈≈≈≈≈≈≈###..##
#...###≈≈≈≈≈≈≈≈#..###.
###...##≈≈≈≈≈≈##...##.
###..###≈≈≈##..#####
##..#########.### #@Z##
##..# #Z2Z## #...##
#...Z## ###... #.....#
###. ...... ## ......
#.... ####.


You could see a reaper (corroded), a death yak simulacrum, an elephant
simulacrum, a naga simulacrum and a troll simulacrum.

Vanquished Creatures
  Jorgrun (D:12)
  Rupert (D:12)
  A dire elephant (Lair:5)
  Josephine (D:11)
  6 hydras
  A catoblepas (Lair:5)
  Harold (D:11)
  An anaconda (Snake:1)
  The ghost of FrenchFrogFromFrance the Cleaver, a novice MiBe of Trog (Lair:1)
  A naga warrior (Snake:1)
  2 two-headed ogres
  A naga sharpshooter (Snake:1)
  10 death yaks
  3 orc high priests
  Sonja (Lair:3)
  A shock serpent (Snake:1)
  2 skysharks
  A bog body (Lair:2)
  A lindwurm (Lair:5)
  4 orc knights
  A deep elf pyromancer (D:12)
  A salamander (Snake:1)
  An ugly thing (D:12)
  3 manticores
  11 elephants
  3 cyclopes
  An ice statue (IceCv)
  3 naga magi (Snake:1)
  10 black mambas
  Maurice (D:11)
  Maggie (D:10)
  A torpor snail (Lair:5)
  A guardian serpent (Snake:1)
  12 cane toads
  8 komodo dragons
  2 ice devils (IceCv)
  6 rime drakes
  An unseen horror (D:12)
  An anaconda simulacrum (IceCv)
  The ghost of dialectric the Covert, a novice SpDe of Dithmenos (D:6)
  14 polar bears
  6 trolls
  A merfolk (D:10)
  15 blink frogs
  2 hornets
  11 dream sheep
  5 slime creatures (D:12)
  A dire elephant simulacrum (IceCv)
  4 wyverns
  36 yaks
  A steam dragon (D:7)
  6 wraiths
  3 basilisks
  2 death yak simulacra (IceCv)
  10 vampire mosquitoes
  A harpy simulacrum (IceCv)
  6 nagas
  10 wargs
  2 acid dragons
  15 hell hounds (Lair:5)
  11 water moccasins
  A sky beast (D:8)
  A swamp drake (D:12)
  2 ice beasts
  21 orc warriors
  13 black bears
  20 wolves
  5 ogres
  5 centaurs
  3 kobold brigands
  5 gnoll sergeants
  9 bullfrogs
  3 scorpions
  6 two-headed ogre simulacra (IceCv)
  2 cane toad simulacra (IceCv)
  11 wights
  6 killer bees (D:11)
  An electric eel (D:7)
  3 howler monkeys
  2 jellies
  2 hounds (D:5)
  7 orc priests
  2 gnoll boudas
  A sleepcap (D:5)
  18 orc wizards
  4 iguanas
  5 hell rats (Lair:3)
  6 spriggan simulacra (IceCv)
  A polar bear simulacrum (IceCv)
  4 troll simulacra (IceCv)
  A wolf simulacrum (IceCv)
  20 gnolls
  9 adders
  5 naga simulacra (IceCv)
  6 river rats (Lair:3)
  2 shadow imps (D:5)
  5 white imps
  10 ufetubi
  2 worms
  3 dart slugs
  58 orcs
  7 bats
  4 endoplasms
  3 giant cockroaches
  12 goblins
  6 hobgoblins
  5 jackals
  5 quokkas
  8 ball pythons
  A frilled lizard (D:1)
  24 kobolds
  16 rats
653 creatures vanquished.

Vanquished Creatures (collateral kills)
  Snorg (D:11)
  3 death yaks (Lair:5)
  4 yaks (Lair:1)
  A wolf (Lair:5)
9 creatures vanquished.

Vanquished Creatures (others)
  An acid dragon (D:11)
1 creature vanquished.

Grand Total: 663 creatures vanquished

Notes
Turn   | Place    | Note
-------+----------+-------------------------------------------
     0 | D:1      | qeuew the Gargoyle Fighter began the quest for the Orb.
     0 | D:1      | Reached XP level 1. HP: 14/14 MP: 1/1
    93 | D:1      | Reached XP level 2. HP: 19/19 MP: 2/2
   248 | D:1      | Reached XP level 3. HP: 20/23 MP: 3/3
   439 | D:1      | Identified a scroll of acquirement
   439 | D:1      | Acquired 649 gold pieces
   670 | D:2      | Reached XP level 4. HP: 29/29 MP: 4/4
   890 | D:2      | Reached skill level 3 in Maces & Flails
  1586 | D:3      | Found a runed translucent gate.
  1586 | D:3      | Found a runed translucent gate.
  1586 | D:3      | Found a runed translucent gate.
  1589 | D:3      | Noticed sheffield53's ghost (amateur MiBe)
  1965 | D:3      | Noticed a +0 dagger
  1965 | D:3      | Noticed a +0 dagger
  1966 | D:3      | Found a hide-covered altar of Uskayaw.
  2053 | D:3      | Reached XP level 5. HP: 33/33 MP: 5/5
  2359 | D:4      | Identified the +1 leather armour "Viror" {Rampage Fly rN+}
  2378 | D:4      | Found a staircase to the Ecumenical Temple.
  2395 | Temple   | Entered the Ecumenical Temple
  2407 | Temple   | Became a worshipper of Makhleb the Destroyer
  2522 | D:4      | Reached skill level 1 in Invocations
  2613 | D:4      | Reached XP level 6. HP: 38/38 MP: 6/6
  2681 | D:4      | Found a hazy altar of Hepliaklqana.
  2752 | D:4      | Found a broken altar of Ashenzari.
  3096 | D:4      | Reached * piety under Makhleb
  3260 | D:4      | Found Ebipie's Distillery.
  3291 | D:5      | Entered Level 5 of the Dungeon
  3423 | D:5      | Reached skill level 5 in Armour
  3465 | D:5      | Reached skill level 4 in Maces & Flails
  3514 | D:5      | Reached XP level 7. HP: 44/44 MP: 8/8
  3714 | D:5      | Reached skill level 1 in Evocations
  4118 | D:6      | You fall into a shaft and drop 2 floors!
  4118 | D:8      | Found an iron altar of Okawaru.
  4225 | D:8      | Reached XP level 8. HP: 34/48 MP: 10/10
  4252 | D:8      | Found a runed translucent gate.
  4254 | D:8      | Found a runed translucent gate.
  4290 | D:8      | Noticed Exaltedone87's ghost (novice DsGl)
  4291 | D:8      | Noticed an 11-headed hydra
  4292 | D:8      | Reached skill level 5 in Maces & Flails
  4294 | D:8      | Found a runed translucent gate.
  4405 | D:7      | Noticed a hornet
  4408 | D:7      | Killed a hornet
  4409 | D:7      | Reached skill level 5 in Fighting
  4409 | D:7      | Reached skill level 5 in Shields
  4658 | D:6      | Found a glowing silver altar of Zin.
  4661 | D:6      | Found a snail-covered altar of Cheibriados.
  4665 | D:6      | Found a basalt altar of Yredelemnul.
  4790 | D:6      | Reached ** piety under Makhleb
  4791 | D:6      | Reached skill level 5 in Invocations
  4791 | D:6      | Reached XP level 9. HP: 52/54 MP: 12/12
  4832 | D:6      | Found a transporter.
  4843 | D:6      | Identified the +0 ring mail "Afoyreuh" {rF- Regen+ MP+9
                  | Int+2}
  4843 | D:6      | Identified the +0 buckler of Satrol {Regen+ rCorr MP+9}
  4880 | D:6      | Found a transporter.
  4882 | D:6      | Noticed dialectric's ghost (novice SpDe)
  4950 | D:6      | Reached skill level 6 in Maces & Flails
  4960 | D:6      | Killed dialectric's ghost
  5530 | D:8      | Reached skill level 7 in Maces & Flails
  5579 | D:8      | Reached *** piety under Makhleb
  6024 | D:8      | Reached XP level 10. HP: 60/60 MP: 14/14
  6226 | D:9      | Reached skill level 8 in Maces & Flails
  6285 | D:9      | Found the +8 trident of the Octopus King {venom, rElec
                  | rPois}
  6729 | D:9      | Gained mutation: You occasionally lose the ability to drink
                  | potions when taking damage. [potion of mutation]
  6729 | D:9      | Gained mutation: You occasionally shout uncontrollably at
                  | your foes. [potion of mutation]
  6754 | D:10     | Entered Level 10 of the Dungeon
  6883 | D:10     | Reached skill level 9 in Maces & Flails
  7049 | D:10     | Found Nerulyoq's Weapon Boutique.
  7159 | D:10     | Reached **** piety under Makhleb
  7181 | D:10     | Noticed Maggie
  7193 | D:10     | Killed Maggie
  7637 | D:11     | Noticed a cyclops
  7656 | D:11     | Killed a cyclops
  7657 | D:11     | Reached XP level 11. HP: 58/67 MP: 17/17
  7679 | D:11     | Reached skill level 10 in Maces & Flails
  7733 | D:11     | Noticed a two-headed ogre
  7733 | D:11     | Noticed Snorg
  7753 | D:11     | Killed a two-headed ogre
  7786 | D:11     | Killed Snorg
  7854 | D:11     | Identified the +1 plate armour "Japuunyu" {rC+ rCorr Dex+3
                  | SInv}
  7875 | D:11     | Noticed a death yak
  7875 | D:11     | Noticed a death yak
  7875 | D:11     | Noticed Maurice
  7890 | D:11     | Noticed Harold
  7890 | D:11     | Noticed a death yak
  7898 | D:11     | Killed a death yak
  7913 | D:11     | Killed a death yak
  7914 | D:11     | Reached skill level 10 in Armour
  7922 | D:11     | Killed a death yak
  7923 | D:11     | Reached skill level 11 in Maces & Flails
  7933 | D:11     | Reached skill level 5 in Evocations
  7948 | D:11     | Killed Harold
  7960 | D:11     | Killed Maurice
  7961 | D:11     | Found a staircase to the Lair.
  7986 | D:11     | Identified the staff of earth "Uhuis" {Int+2}
  8065 | D:11     | Noticed Josephine
  8074 | D:11     | Killed Josephine
  8075 | D:11     | Reached XP level 12. HP: 73/73 MP: 19/19
  8261 | D:11     | Found a bloodstained altar of Trog.
  8352 | Lair:1   | Entered Level 1 of the Lair of Beasts
  8391 | Lair:1   | Reached skill level 12 in Maces & Flails
  8395 | Lair:1   | Reached skill level 10 in Invocations
  8483 | D:11     | Reached ***** piety under Makhleb
  8564 | Lair:1   | Identified the +8 quarterstaff of Mucsizae {freeze, Drain
                  | Will+ Int+4}
  8616 | Lair:1   | Found a runed translucent door.
  8621 | Lair:1   | Noticed FrenchFrogFromFrance's ghost (novice MiBe)
  8654 | Lair:1   | Killed FrenchFrogFromFrance's ghost
  8673 | Lair:1   | Identified the +5 leather armour of Oxziymexe {rF- Will+
                  | Str+5 SInv}
  8844 | Lair:1   | Reached skill level 13 in Maces & Flails
  9069 | Lair:2   | Found a staircase to the Snake Pit.
  9218 | Lair:2   | Identified the +4 spear of the Ten Xenops {freeze, Fragile
                  | rElec rPois Int+4}
  9359 | Lair:2   | Reached XP level 13. HP: 74/79 MP: 21/21
  9534 | Lair:2   | Found a staircase to the Swamp.
 10316 | Lair:3   | Noticed Sonja
 10320 | Lair:3   | Killed Sonja
 11148 | Lair:4   | Reached skill level 14 in Maces & Flails
 11682 | Lair:5   | Entered Level 5 of the Lair of Beasts
 11842 | Lair:5   | Gained mutation: Your large and strong wings let you fly.
                  | [Gargoyle growth]
 11842 | Lair:5   | Reached XP level 14. HP: 60/86 MP: 23/23
 11866 | Lair:5   | Found a staircase to the Slime Pits.
 11866 | Lair:5   | Found a viscous altar of Jiyva.
 12054 | Lair:5   | Reached skill level 10 in Shields
 12177 | Lair:5   | Reached skill level 10 in Fighting
 12228 | Lair:5   | Reached ****** piety under Makhleb
 12631 | Lair:5   | Noticed a dire elephant
 12638 | Lair:5   | Killed a dire elephant
 12821 | Lair:5   | Reached skill level 15 in Maces & Flails
 13031 | Snake:1  | Entered Level 1 of the Snake Pit
 13089 | Snake:1  | Reached XP level 15. HP: 84/92 MP: 25/25
 13144 | Snake:1  | Lost mutation: You occasionally shout uncontrollably at
                  | your foes. [potion of mutation]
 13144 | Snake:1  | Lost mutation: You occasionally lose the ability to drink
                  | potions when taking damage. [potion of mutation]
 13144 | Snake:1  | Gained mutation: Your natural rate of healing is unusually
                  | fast. [potion of mutation]
 13144 | Snake:1  | Gained mutation: Your muscles are strong. (Str +4, Int/Dex
                  | -1) [potion of mutation]
 13858 | D:12     | Found a glowing golden altar of the Shining One.
 13953 | D:12     | Noticed Rupert
 13966 | D:12     | Paralysed by Rupert for 2 turns
 13975 | D:12     | Killed Rupert
 14364 | D:12     | Found a staircase to the Orcish Mines.
 14606 | D:12     | Noticed Jorgrun
 14620 | D:12     | Killed Jorgrun
 14800 | Orc:1    | Entered Level 1 of the Orcish Mines
 15257 | Orc:2    | Entered Level 2 of the Orcish Mines
 15257 | Orc:2    | Found Lasiwkie's General Store.
 15367 | Orc:2    | Found Ydousul's Armour Emporium.
 15372 | Orc:2    | Found Ecues's Antique Armour Shop.
 15410 | Orc:2    | Found a staircase to the Elven Halls.
 15415 | Orc:2    | Found Ygoap's Distillery.
 15424 | Orc:2    | Found a frozen archway.
 15449 | IceCv    | Entered an ice cave
 15549 | IceCv    | Identified the staff of conjuration "Cuodghum" {Drain rF+
                  | Dex+5 Stlth+}
 15934 | IceCv    | HP: 2/93 [naga simulacrum (9)]
 15934 | IceCv    | Slain by a naga simulacrum

Illustrated notes

Levels and vault maps discovered:
D:1:      pf_arrival_petrified_forest, layout_basic,
          chequers_serial_rivers_small_a
D:2:      layout_basic, reono_crystal_passage
D:3:      layout_basic, dancing_weapons_uskayaw, serial_co_window_serial,
          co_window_of_opportunity_a, co_window_paths_b, co_window_paths_b,
          co_window_of_opportunity_a, co_window_corner_a, co_window_paths_c,
          co_window_corner_ca, co_window_of_opportunity_b, co_window_sun,
          co_window_paths_e, glass_columns_a, glass_columns_a, glass_columns_b,
          gammafunk_ghost_necromancy
D:4:      layout_gridville, nicolae_ashenzari_panopticon, old_standard_altar,
          minmay_temple_entry_waves, serial_shops, nicolae_shop_window_shopping,
          minmay_tree_intersection, kennysheep_generic_room_14
D:5:      layout_basic, grunt_ministairs_10
D:6:      layout_rooms, grunt_temple_overflow_diamond,
          gammafunk_ghost_gnarly_gnolls, nicolae_elevator_lobby_asterisk
D:7:      layout_rooms, serial_bayou_ford_a
D:8:      layout_cave_pods, okawaru_gym_becter, gammafunk_ghost_hydra_chop
D:9:      layout_irregular_city
D:10:     layout_roguey, serial_shops, shop, hangedman_fish_farm, uniq_maggie
D:11:     layout_rooms, dpeg_lair_monsters, tgw_trog, uniq_snorg, uniq_maurice,
          uniq_harold, uniq_josephine
D:12:     layout_long_grid, erik_orc_1, nicolae_tso_swordbearing_angel,
          uniq_jorgrun, uniq_rupert
Temple:   hellmonk_temple_two_chambers
Lair:1:   layout_hall_layers, gammafunk_ghost_grave,
          chequers_serial_rivers_micro_c, grunt_megastairs_3
Lair:2:   layout_gridlike, skrybe_swamp_entry_bodies,
          guppyfry_snake_entry_island
Lair:3:   layout_chaotic_city, kennysheep_abandoned_house, uniq_sonja
Lair:4:   layout_layer_cave, infiniplex_staircase_pool_2, lemuel_fruit_fields
Lair:5:   hangedman_lair_caniforms_friends, layout_hall_layers,
          hangedman_lair_in_review, slime_entry_1, serial_bayou_shore_b
Snake:1:  layout_onion_interference, serial_bayou_shore_b
Orc:1:    layout_caves, nicolae_orc_crystal_geode
Orc:2:    grunt_orc_gardens, layout_caves, grunt_orc_garden, grunt_orc_garden,
          grunt_orc_garden, grunt_orc_garden, serial_shops,
          nicolae_shop_tiny_glass, shop, nicolae_shop_tiny_real_fake_doors,
          shop, portal_ice_cave_rime, gammafunk_ghost_wrathful_warriors
IceCv:    ice_cave_caverns_02

Skill      XL: |  1  2  3  4  5  6  7  8  9 10 11 12 13 14 15 |
---------------+----------------------------------------------+-----
Armour         | 4 5 6 8 9 10 11 12 14 | 14.8
Maces & Flails | 3 4 5 7 9 11 13 14 15 | 15.7
Shields        | 4 5 6 7 8 9 10 11 | 11.0
Fighting       | 4 5 6 7 8 9 10 | 10.9
Invocations    | 1 2 3 5 6 8 9 10 12 13 14 | 14.2
Evocations     | 1 2 3 4 5 6 7 8 |  8.4

Action                     |  1- 3 |  4- 6 |  7- 9 | 10-12 | 13-15 || total
---------------------------+-------+-------+-------+-------+-------++-------
  Melee: Flail             |   112 |   198 |    65 |       |       ||   375
         Morningstar       |       |       |   227 |   519 |  1242 ||  1988
  Throw: Throwing net      |       |       |       |     3 |       ||     3
 Invoke: Lesser Servant of |       |       |     1 |     6 |     3 ||    10
         Major Destruction |       |       |       |     1 |     2 ||     3
  Evoke: Wand              |       |       |       |     4 |       ||     4
    Use: Potion            |     5 |     4 |     8 |     5 |     4 ||    26
         Scroll            |     3 |     6 |     5 |     4 |    11 ||    29
   Stab: Invisible         |       |     1 |       |       |       ||     1
         Petrified         |       |       |       |       |     9 ||     9
         Distracted        |       |       |       |       |     1 ||     1
 Armour: Scale mail        |    76 |   130 |    36 |       |       ||   242
         Acid dragon scale |       |       |   128 |    68 |       ||   196
         Plate armour      |       |       |       |   245 |   800 ||  1045
  Dodge: Dodged            |    67 |   146 |   220 |   415 |   891 ||  1739
  Block: Buckler           |    28 |    46 |    68 |   162 |   450 ||   754
